Map: Backwater LE

Players

Kelazhur

  • Race: Terran Terran
  • Spawn Location: 11:00

Neeb - Winner!

  • Race: Protoss Protoss
  • Spawn Location: 5:00

Event: WESG 2017 Haikou

VOD

Have the link to the VOD?

Description

Time

  • Played on: March 14, 2018, 5:24 a.m.
  • Length: 11:06

All games in this series

Show
View Real Time Build Order
Export as new Build Order

Kelazhur Terran 

Build Orders: Cyclone Opening, Gas First Reaper Expand, Reaper Expand, MMM Bio 

Get SALT Encoding   

  12  0:00  SCV  
  13  0:12  SCV  
  14  0:17  Supply Depot  
  14  0:25  SCV  
  14  0:28  Refinery  
  15  0:39  SCV  
  16  0:45  Barracks  
  16  0:51  SCV  
  17  1:03  SCV  
  18  1:15  SCV  
  19  1:32  Orbital Command, Reaper  
  20  1:46  Command Center  
  20  1:49  Refinery  
  20  1:58  Factory  
  20  2:01  SCV  
  20  2:05  Barracks Reactor  
  21  2:13  SCV  
  22  2:20  Supply Depot  
  22  2:26  SCV  
  23  2:40  SCV  
  23  2:49  Cyclone x2  
  29  2:52  SCV  
  29  2:57  Marine  
  31  3:03  Orbital Command  
  31  3:04  SCV  
  32  3:16  SCV, Marine  
  34  3:21  Cyclone  
  34  3:24  Cyclone  
  40  3:32  Supply Depot  
  38  3:41  SCV  
  38  3:43  SCV  
  38  3:44  Marine  
  41  3:53  SCV  
  41  3:54  Hellion  
  44  3:55  SCV  
  44  4:02  Hellion  
  44  4:05  SCV  
  44  4:07  SCV  
  45  4:15  Cyclone  
  48  4:18  SCV  
  48  4:20  SCV  
  50  4:25  Cyclone  
  50  4:28  Barracks Tech Lab  
  50  4:30  SCV  
  54  4:36  SCV  
  55  4:42  SCV, Engineering Bay  
  56  4:48  SCV  
  51  4:54  SCV  
  51  4:55  Marine  
  51  4:56  Stimpack  
  45  5:00  Bunker  
  45  5:01  SCV  
  45  5:06  SCV  
  45  5:12  Barracks  
  45  5:13  SCV, Marine  
  47  5:18  SCV  
  47  5:19  Cyclone x2  
  54  5:26  SCV  
  54  5:27  Supply Depot  
  55  5:30  SCV  
  55  5:31  Missile Turret  
  55  5:35  Marine  
  55  5:41  Barracks  
  55  5:44  SCV x2, Supply Depot  
  55  5:48  Terran Infantry Weapons Level 1  
  57  5:56  SCV  
  57  6:01  SCV  
  57  6:02  Starport  
  58  6:06  Marine  
  58  6:08  SCV  
  60  6:11  Factory Reactor, Missile Turret  
  60  6:12  Marine  
  60  6:13  SCV  
  60  6:17  Marine  
  63  6:24  SCV, Marauder  
  66  6:25  SCV  
  66  6:30  Marine  
  66  6:32  Marine  
  66  6:35  Marine  
  66  6:36  SCV  
  66  6:38  SCV  
  67  6:45  Marine  
  68  6:48  SCV, Marine  
  68  6:50  SCV, Refinery  
  68  6:51  Refinery  
  68  6:53  Marine, Supply Depot  
  73  6:54  Barracks Tech Lab  
  73  6:58  Barracks  
  73  6:59  Combat Shields  
  72  7:02  Factory Reactor, Command Center  
  72  7:05  Marauder  
  73  7:12  Marine x2  
  73  7:14  Marauder  
  75  7:17  SCV  
  75  7:18  SCV  
  75  7:20  Supply Depot  
  77  7:23  Medivac  
  79  7:31  Medivac  
  79  7:33  Marauder  
  69  7:37  Marine  
  69  7:38  Marine  
  69  7:42  Marine  
  59  7:52  SCV  
  59  7:54  Marine  
  59  7:55  Marine  
  59  7:56  Marine  
  57  8:00  SCV, Marine  
  57  8:02  Marine  
  57  8:05  Marine  
  61  8:12  Starport Reactor  
  63  8:13  Marauder, Marine  
  63  8:16  Orbital Command  
  63  8:19  Marine x2, Factory Reactor  
  65  8:20  Marine  
  65  8:22  Terran Infantry Armor Level 1  
  65  8:24  SCV x2  
  68  8:32  Marine  
  70  8:34  Marauder  
  70  8:36  SCV x2  
  70  8:37  Marine  
  70  8:38  Concussive Shells  
  70  8:39  Barracks Tech Lab  
  70  8:40  Marine  
  74  8:43  SCV  
  75  8:50  Marine x2, Medivac  
  75  8:52  Armory, Medivac  
  81  8:57  Marauder, Marine  
  81  8:59  SCV  
  81  9:01  SCV, Marine  
  87  9:09  Marine  
  82  9:17  Marauder, Marine x2  
  82  9:18  SCV x3, Marauder  
  91  9:24  Marine  
  91  9:26  Marine  
  91  9:28  Medivac x2  
  91  9:30  SCV x2, Widow Mine x2  
  103  9:35  Marine x2  
  103  9:37  SCV  
  106  9:39  Marauder, Marine  
  106  9:43  SCV x2  
  107  9:52  Marine  
  101  9:57  Marauder  
  101  9:59  Marine  
  95  10:00  Marauder, Medivac  
  95  10:01  Medivac  
  95  10:02  Marine x2  
  95  10:03  SCV x2  
  95  10:04  Widow Mine x2  
  98  10:09  Marine  
  89  10:16  SCV  
  89  10:17  SCV, Marine, Barracks  
  89  10:18  Marine  
  89  10:20  Marine x2  
  89  10:21  Marine  
  94  10:25  SCV  
  94  10:27  Marine  
  96  10:28  Widow Mine  
  96  10:29  Widow Mine  
  96  10:33  SCV x2  
  96  10:34  Marine  
  107  10:37  Marauder  
  107  10:39  Marine  
Show
View Real Time Build Order
Export as new Build Order

Neeb Protoss - Winner!

Build Orders: 1 Gate Expand, Oracle Opening 

Get SALT Encoding   

  12  0:01  Probe  
  13  0:13  Probe  
  14  0:17  Pylon  
  14  0:25  Probe  
  15  0:34  Assimilator  
  15  0:37  Probe (Chrono Boost)  
  16  0:44  Gateway  
  16  0:48  Probe (Chrono Boost)  
  17  0:53  Probe (Chrono Boost)  
  18  1:05  Probe  
  19  1:17  Probe  
  20  1:25  Nexus  
  20  1:33  Cybernetics Core  
  20  1:37  Probe  
  21  1:41  Assimilator  
  21  1:49  Probe  
  21  1:53  Pylon  
  22  2:01  Probe  
  23  2:09  Adept (Chrono Boost)  
  23  2:13  Probe  
  26  2:16  Stargate  
  26  2:25  Probe, Pylon  
  26  2:29  Adept (Chrono Boost)  
  29  2:35  Warp Gate  
  29  2:37  Probe  
  29  2:40  Probe  
  31  2:47  Shield Battery  
  31  2:50  Probe  
  32  2:57  Adept (Chrono Boost)  
  34  3:00  Oracle (Chrono Boost)  
  37  3:06  Probe  
  37  3:08  Probe  
  39  3:18  Probe  
  40  3:20  Probe  
  41  3:29  Oracle (Chrono Boost)  
  41  3:30  Probe  
  41  3:33  Probe  
  44  3:42  Probe  
  44  3:45  Probe  
  44  3:49  Gateway  
  44  3:54  Probe  
  45  3:57  Probe  
  46  4:05  Oracle (Chrono Boost)  
  46  4:06  Probe, Gateway  
  46  4:09  Probe  
  49  4:14  Pylon  
  49  4:16  Pylon  
  49  4:18  Pylon  
  49  4:21  Shield Battery  
  49  4:32  Probe x2  
  49  4:35  Twilight Council  
  51  4:38  Nexus  
  51  4:44  Probe x2  
  51  4:45  Stalker x2  
  50  4:56  Probe  
  47  5:01  Probe  
  47  5:03  Pylon  
  48  5:08  Probe  
  48  5:10  Stalker  
  48  5:11  Stalker  
  48  5:13  Probe  
  54  5:15  Assimilator  
  54  5:16  Assimilator  
  54  5:21  Probe  
  55  5:24  Blink (Chrono Boost)  
  55  5:28  Probe  
  56  5:33  Probe  
  57  5:36  Pylon  
  57  5:40  Probe  
  58  5:45  Probe  
  58  5:48  Stalker x2  
  63  5:58  Probe  
  63  5:59  Gateway  
  63  6:00  Probe, Gateway  
  63  6:02  Probe  
  66  6:10  Probe, Pylon  
  67  6:12  Probe  
  67  6:14  Stalker x2, Probe  
  73  6:19  Pylon  
  73  6:21  Stalker  
  73  6:23  Probe  
  73  6:24  Probe  
  77  6:26  Probe  
  78  6:35  Probe  
  78  6:36  Probe  
  78  6:38  Stalker x2, Probe  
  82  6:44  Pylon  
  82  6:47  Probe  
  82  6:51  Pylon  
  82  6:52  Probe  
  84  7:01  Forge x2  
  84  7:02  Stalker x2  
  84  7:03  Stalker  
  84  7:05  Probe  
  91  7:11  Probe  
  91  7:12  Stalker x2  
  91  7:13  Probe  
  95  7:17  Probe  
  95  7:22  Charge  
  96  7:23  Probe  
  96  7:25  Probe  
  96  7:29  Probe  
  99  7:36  Probe  
  97  7:38  Probe  
  97  7:41  Probe  
  97  7:42  Stalker x5  
  101  7:48  Probe  
  95  7:54  Probe  
  95  7:56  Protoss Ground Weapons Level 1 (Chrono Boost), Assimilator  
  95  7:57  Protoss Ground Armor Level 1 (Chrono Boost), Nexus, Assimilator  
  95  7:58  Pylon  
  92  8:00  Probe  
  92  8:11  Gateway  
  92  8:13  Gateway  
  92  8:16  Gateway  
  92  8:19  Robotics Facility  
  92  8:20  Gateway x2  
  92  8:22  Sentry x3  
  92  8:23  Sentry x2  
  102  8:37  Photon Cannon  
  102  8:39  Pylon  
  102  8:43  Photon Cannon  
  102  8:48  Zealot x5  
  102  8:53  Pylon  
  112  8:59  Photon Cannon  
  112  9:01  Shield Battery  
  112  9:07  Pylon  
  110  9:14  Pylon  
  102  9:17  Warp Prism (Chrono Boost)  
  102  9:18  Stalker x4  
  102  9:19  Stalker  
  102  9:23  Probe x3  
  102  9:24  Probe  
  118  9:36  Zealot x2  
  118  9:37  Zealot x3  
  110  10:02  Zealot  
  110  10:04  Zealot x9  
  120  10:09  Immortal  
  116  10:20  Assimilator x2  
  116  10:29  Nexus  
  116  10:30  Zealot x10  
  120  10:50  Zealot x10  
Tags
 
Add a new tag
Caveats
  • Supply blocks, unpowered buildings, or Contaminate may cause inaccurate times.
  • Supply counts are checked every 10 seconds.